 Dungeon Crawl Stone Soup version 0.21-a0-278-ga722497 (webtiles) character file.

788 vishdafish the Slasher (level 7, -1/54 HPs)
             Began as a Demonspawn Fighter on Sept 22, 2017.
             Was an Initiate of Okawaru.
             Slain by an iguana (11 damage)
             ... on level 5 of the Dungeon.
             The game lasted 00:09:04 (4281 turns).

vishdafish the Slasher (Demonspawn Fighter)         Turns: 4281, Time: 00:09:05

Health: -1/54      AC:  8    Str: 21    XL:     7   Next: 56%
Magic:  7/7        EV:  9    Int: 10    God:    Okawaru [......]
Gold:   229        SH:  0    Dex: 14    Spells: 6/6 levels left

rFire    . . .     SeeInvis .   a - +0 long sword
rCold    . . .     Gourm    .   c - +0 shield
rNeg     . . .     Faith    .   b - +0 scale mail
rPois    .         Spirit   .   (no helmet)
rElec    .         Reflect  +   (no cloak)
rCorr    .         Harm     .   h - +0 pair of gloves
MR       .....                  (no boots)
Stlth    ..........             E - +3 amulet of reflection
HPRegen  0.18/turn              p - +3 ring of strength
MPRegen  0.10/turn              (no ring)

@: confused
A: claws 2, powered by death 1, strong 1, sturdy frame 1
a: Renounce Religion


You were on level 5 of the Dungeon.
You worshipped Okawaru.
Okawaru was noncommittal.
You were very hungry.

You visited 1 branch of the dungeon, and saw 5 of its levels.

You collected 229 gold pieces.

Inventory:

Hand Weapons
 a - a +0 long sword (weapon)
Missiles
 v - 2 javelins
 x - 5 tomahawks of returning (quivered)
Armour
 b - a +0 scale mail (worn)
 c - a +0 shield (worn)
 h - a +0 pair of gloves (worn)
Jewellery
 e - an uncursed amulet of regeneration
 p - a +3 ring of strength (left hand)
 E - a +3 amulet of reflection (around neck)
Wands
 m - a wand of confusion (26/48)
 y - a wand of flame (21/48)
Scrolls
 g - 2 scrolls of teleportation
 l - a scroll of blinking {unknown}
 o - a scroll of enchant weapon {unknown}
 r - a scroll of random uselessness {unknown}
 s - 2 scrolls of fear {unknown}
 u - a scroll of remove curse {unknown}
 w - 2 scrolls of enchant armour {unknown}
 D - 3 scrolls of immolation
Potions
 j - a potion of invisibility {unknown}
 k - 2 potions of flight
 n - a potion of mutation
 q - 3 potions of curing
 z - 2 potions of haste {unknown}
 A - 2 potions of berserk rage
 C - a potion of heal wounds
Books
 i - a book of Misfortune

   Spells                             Type                      Level
   a - Confusing Touch                Hexes                        1
   b - Confuse                        Hexes                        3
   c - Gell's Gravitas                Translocation                3
   d - Petrify                        Transmutation/Earth          4
   e - Metabolic Englaciation         Hexes/Ice                    5
   f - Yara's Violent Unravelling     Hexes/Transmutation          5
 t - a book of Cantrips

   Spells                             Type                      Level
   a - Confusing Touch                Hexes                        1
   b - Animate Skeleton               Necromancy                   1
   c - Summon Small Mammal            Summoning                    1
   d - Apportation                    Translocation                1
 B - a Fen Folio

   Spells                             Type                      Level
   a - Corpse Rot                     Necromancy                   2
   b - Stone Arrow                    Conjuration/Earth            3
   c - Leda's Liquefaction            Hexes/Earth                  4
   d - Summon Forest                  Summoning/Translocation      5
   e - Hydra Form                     Transmutation                6
   f - Summon Hydra                   Summoning                    7
Comestibles
 d - a royal jelly
 f - 2 bread rations
 F - 3 fruits


   Skills:
 + Level 4.0 Fighting
 * Level 5.2 Long Blades
 + Level 4.1 Armour
 - Level 2.1 Dodging
 - Level 0.2 Stealth
 + Level 4.4 Shields


You had 6 spell levels left.
You didn't know any spells.

Dungeon Overview and Level Annotations

Branches:
Dungeon (5/15)
 Temple: D:4-7

Altars:
Elyvilon
Okawaru
Trog
Wu Jian


Innate Abilities, Weirdness & Mutations

You have very sharp fingernails.
You regenerate a little health from kills.
Your muscles are strong. (Str +2)
Your movements are slightly less encumbered by armour. (ER -2)


Message History

The iguana bites you but does no damage.
The orc wizard points at you and mumbles some strange words.
The magic dart hits you! The orc hits you but does no damage.
The orc priest barely misses you.
You feel less confused.
The orc priest mumbles some strange prayers to Beogh against you.
Beogh smites you! You block the iguana's attack.
You block the orc priest's attack.
The orc wizard points at you and mumbles some strange words.
You are confused.
The orc hits you but does no damage. The iguana bites you!
The orc priest hits you but does no damage.
The orc hits you but does no damage.
The orc priest calls down the wrath of Beogh upon you.
Beogh smites you!
* * * LOW HITPOINT WARNING * * *
There is a stone staircase leading down here.
The orc priest hits you but does no damage.
The orc closely misses you. The iguana bites you!
You die...

#########
#.......#
#.......#
#.......###.### #
#.....o@....... .
#.....ol###.### #
###..$..oo# .
......)...####....
#
......###.........
# ......
#.####.... ###
..... #.##### .
#.. ....
#.....############
..
#.................


You could see an iguana, 2 orc priests, an orc wizard and an orc.

Vanquished Creatures
  2 ogres
  A scorpion (D:4)
  2 hounds (D:5)
  2 orc wizards
  Ijyb (D:4)
  3 worker ants
  Natasha (thrice) (D:2)
  A hound zombie (D:5)
  A hound skeleton (D:4)
  4 gnolls
  9 adders
  A shadow imp (D:5)
  5 worms
  3 dart slugs
  3 leopard geckos
  8 orcs
  7 giant cockroaches
  6 hobgoblins
  11 jackals
  10 kobolds
  3 quokkas
  4 ball pythons
  A ball python skeleton (D:4)
  4 bats
  8 frilled lizards
  5 goblins
  2 leopard gecko skeletons (D:4)
  A quokka skeleton (D:5)
  10 rats
121 creatures vanquished.

Notes
Turn   | Place    | Note
-------+----------+-------------------------------------------
     0 | D:1      | vishdafish the Demonspawn Fighter began the quest for the Orb.
     0 | D:1      | Reached XP level 1. HP: 18/18 MP: 1/1
   124 | D:1      | Reached skill level 2 in Long Blades
   174 | D:1      | Gained mutation: You have sharp fingernails. [demonic ancestry]
   174 | D:1      | Reached XP level 2. HP: 23/24 MP: 2/2
   411 | D:1      | You fall through a shaft!
   748 | D:2      | Reached XP level 3. HP: 29/29 MP: 3/3
   756 | D:2      | Noticed Natasha
   774 | D:2      | Killed Natasha
   924 | D:2      | Reached skill level 3 in Long Blades
   924 | D:2      | Gained mutation: You have very sharp fingernails. [demonic ancestry]
   924 | D:2      | Reached XP level 4. HP: 27/35 MP: 4/4
   964 | D:2      | Noticed Natasha
   977 | D:2      | Killed Natasha
  1017 | D:2      | Noticed Natasha
  1021 | D:2      | Killed Natasha
  1130 | D:2      | Gained mutation: You regenerate a little health from kills. [demonic ancestry]
  1130 | D:2      | Reached XP level 5. HP: 29/41 MP: 5/5
  1410 | D:3      | Reached skill level 1 in Dodging
  1832 | D:2      | Gained mutation: Your movements are slightly less encumbered by armour. (ER -2) [potion of mutation]
  1832 | D:2      | Gained mutation: You are resistant to hostile enchantments. (MR+) [potion of mutation]
  1832 | D:2      | Lost mutation: You are resistant to hostile enchantments. (MR+) [potion of mutation]
  1832 | D:2      | Gained mutation: Your muscles are strong. (Str +2) [potion of mutation]
  2231 | D:3      | Noticed an ogre
  2380 | D:3      | Killed an ogre
  2380 | D:3      | Reached skill level 4 in Long Blades
  2380 | D:3      | Reached XP level 6. HP: 21/47 MP: 6/6
  2537 | D:3      | Noticed a moth of wrath
  2540 | D:3      | Found a bloodstained altar of Trog.
  2930 | D:4      | Found a white marble altar of Elyvilon.
  3191 | D:4      | Reached XP level 7. HP: 39/53 MP: 7/7
  3280 | D:4      | Noticed Ijyb
  3294 | D:4      | Killed Ijyb
  3424 | D:4      | Found an ornate altar of the Wu Jian Council.
  3456 | D:4      | Found an iron altar of Okawaru.
  3469 | D:4      | Became a worshipper of Warmaster Okawaru
  3691 | D:5      | Entered Level 5 of the Dungeon
  3790 | D:5      | Reached skill level 5 in Long Blades
  4281 | D:5      | Slain by an iguana

Vault maps used:
D:1:      scummos_arrival_checkerplants
D:2:      uniq_natasha
D:3:      tgw_trog
D:4:      lemuel_coloured_pillars_altar, elyvilon_altar_5,
          okawaru_metal_pillars_1_2, first_bread, minmay_misc_feat_chi,
          minmay_close_crescents, uniq_ijyb
D:5:      marbit_many_paths, grunt_ministairs_10

Skill      XL: |  1  2  3  4  5  6  7 |
---------------+----------------------+-----
Long Blades    | 2 3 4 5 |  5.2
Shields        | 3 4 |  4.4
Armour         | 3 4 |  4.1
Dodging        | 1 2 |  2.1
Fighting       | 4 |  4.0
Stealth        | |  0.2

Action                   |  1- 3 |  4- 6 |  7- 9 || total
-------------------------+-------+-------+-------++-------
Melee: Long sword        |   126 |   311 |   119 ||   556
Throw: Tomahawk          |       |     3 |       ||     3
  Use: Potion            |       |     3 |       ||     3
       Scroll            |       |     6 |     2 ||     8
  Eat: Chunk             |       |     9 |     2 ||    11
Armor: Scale mail        |    63 |   129 |    43 ||   235
Dodge: Dodged            |    38 |    94 |    47 ||   179
Block: Shield            |    73 |   163 |    56 ||   292
       Reflection        |       |       |     1 ||     1
       Rpst.: Long sword |    17 |    35 |    19 ||    71

Table legend:
 A = Spawn XP
 B = Non-spawn XP
 C = Spawn XP percentage of total XP
 D = Spawn monster count
 E = Non-spawn monster count
 F = Spawn count percentage of total count
 G = Total turns spent on level
                    A         B        C        D         E        F      G
               +---------+---------+-------+---------+---------+-------+---------
         Total |       0 |    1127 |   0.0 |       0 |     121 |   0.0 |  4281
               +---------+---------+-------+---------+---------+-------+---------
           D:1 |       0 |      29 |   0.0 |       0 |      17 |   0.0 |   706
           D:2 |       0 |     209 |   0.0 |       0 |      40 |   0.0 |  1101
           D:3 |       0 |     261 |   0.0 |       0 |      28 |   0.0 |   985
           D:4 |       0 |     373 |   0.0 |       0 |      24 |   0.0 |   899
           D:5 |       0 |     255 |   0.0 |       0 |      12 |   0.0 |   590
               +---------+---------+-------+---------+---------+-------+---------
